[Event "*** Titled Tuesday Blitz"]
[Site "Chess.com"]
[Date "2019.06.04"]
[Round "4"]
[White "Dedic8"]
[Black "Gattass"]
[Result "1-0"]
[WhiteElo "2604"]
[BlackElo "2347"]
[TimeControl "180+2"]
[EndTime "13:45:25 PDT"]
[Termination "Dedic8 won by resignation"]

1. d4 Nf6 2. Nc3 e6 3. Bf4 d5 4. Nb5 Na6 5. e3 c6 6. Nc3 Nc7 7. Bd3 Bd6 8. Qf3 Bxf4 9. Qxf4 O-O 10. O-O-O Qe7 11. Nf3 c5 12. dxc5 Qxc5 13. g4 Bd7 14. g5 Nh5 15. Qh4 g6 16. Ne5 Bc6 17. Be2 Ng7 18. Ng4 Nf5 19. Nf6+ 1-0

[Event "*** Titled Tuesday Blitz"]
[Site "Chess.com"]
[Date "2019.06.04"]
[Round "4"]
[White "vohiraa"]
[Black "SARGISMV"]
[Result "0-1"]
[WhiteElo "2313"]
[BlackElo "2409"]
[TimeControl "180+2"]
[EndTime "13:45:45 PDT"]
[Termination "SARGISMV won by resignation"]

1. e4 e6 2. d4 d5 3. Nc3 Bb4 4. e5 c5 5. a3 Bxc3+ 6. bxc3 Ne7 7. Qg4 O-O 8. Bg5 Nbc6 9. Bf6 g6 10. Qg5 Qa5 11.
Ne2 Nf5 12. g4 Ncxd4 13. gxf5 Nf3+ 14. Kd1 Nxg5 15. Bxg5 exf5 0-1

[Event "*** Titled Tuesday Blitz"]
[Site "Chess.com"]
[Date "2019.06.04"]
[Round "4"]
[White "bracuarta"]
[Black "SimonKnightRivendell"]
[Result "1-0"]
[WhiteElo "2107"]
[BlackElo "2025"]
[TimeControl "180+2"]
[EndTime "13:46:09 PDT"]
[Termination "bracuarta won by resignation"]

1. d4 d5 2. c4 e5 3. dxe5 d4 4.
Nf3 Nc6 5. a3 Nge7 6. e3 Nf5 7.
exd4 Ncxd4 8. Nc3 Nxf3+ 9. Qxf3 Nd4 10. Qd1 Bf5 11. Bd3 Nf3+ 12. Qxf3 Bxd3 13. Qxb7 Bxc4 14. Qc6+ Qd7 15. Qxa8+ Ke7 16. Qe4 Bd3 17. Nd5+ 1-0

[Event "*** Titled Tuesday Blitz"]
[Site "Chess.com"]
[Date "2019.06.04"]
[Round "4"]
[White "Torrentec"]
[Black "irregularity"]
[Result "0-1"]
[WhiteElo "2406"]
[BlackElo "2604"]
[TimeControl "180+2"]
[EndTime "13:46:25 PDT"]
[Termination "irregularity won by resignation"]

1. e4 d6 2. d4 Nf6 3. Nc3 g6 4. Nf3 Bg7 5. Bg5 c6 6. Qd2 Bg4 7. Be2 b5 8. a3 O-O 9. Bh6 Nbd7 10. Bxg7 Kxg7 11. h3 Bxf3 12. Bxf3 e5 13. Rd1 Qe7 14. O-O Nb6 15. b3 a5 16. dxe5 dxe5 17. Qd6 Qxd6 18.
Rxd6 Rac8 19. Nxb5 Ne8 20. Rfd1 Nxd6 21. Rxd6 a4 22. Na7 Rc7 23. Nxc6 Nc8 0-1

[Event "*** Titled Tuesday Blitz"]
[Site "Chess.com"]
[Date "2019.06.04"]
[Round "4"]
[White "Caisachess"]
[Black "Satscho"]
[Result "0-1"]
[WhiteElo "2428"]
[BlackElo "2260"]
[TimeControl "180+2"]
[EndTime "13:46:31 PDT"]
[Termination "Satscho won by resignation"]

1. e4 c6 2. Nc3 d5 3. Nf3 Nf6 4. exd5 cxd5 5. d4 Bg4 6. Bb5+ Nbd7 7. h3 Bxf3 8. Qxf3 e6 9. O-O Bd6 10. Bg5 Be7 11. Rfe1 O-O 12. Bd3 h6 13. Bf4 Re8 14. Rad1 Nf8 15. Ne2 a6 16. Ng3 Bd6 17. Bc1 b5 18. c3 Rb8 19. Bb1 a5 20. Qd3 b4 21.
Nh5 Nxh5 22. g4 Nf4 23. Qf3 N4g6 24. Kg2 0-1

[Event "*** Titled Tuesday Blitz"]
[Site "Chess.com"]
[Date "2019.06.04"]
[Round "4"]
[White "jamengrand"]
[Black "dcremisi"]
[Result "0-1"]
[WhiteElo "2125"]
[BlackElo "2265"]
[TimeControl "180+2"]
[EndTime "13:46:37 PDT"]
[Termination "dcremisi won by checkmate"]

1. d4 d5 2. c4 e6 3. Nc3 c6 4. e3 Nf6 5. Bd3 Nbd7 6. a3 dxc4 7. Bxc4 b5 8. Bd3 Bb7 9. Nf3 a6 10. b4 a5 11. Rb1 axb4 12. axb4 Bd6 13. O-O Qe7 14.
Bd2 O-O 15. Ne4 Nxe4 16. Bxe4 e5 17. dxe5 Nxe5 18. Nxe5 Qxe5 19. Bxh7+ Kxh7 20. f4 Qe4 21. Rf3 Kg8 22. Rh3 c5 23. Qh5 Qxg2# 0-1

[Event "*** Titled Tuesday Blitz"]
[Site "Chess.com"]
[Date "2019.06.04"]
[Round "4"]
[White "Everyfishknows"]
[Black "KRASAVCHIK2002"]
[Result "0-1"]
[WhiteElo "2238"]
[BlackElo "2295"]
[TimeControl "180+2"]
[EndTime "13:47:08 PDT"]
[Termination "KRASAVCHIK2002 won by resignation"]

1. Nf3 Nf6 2. c4 b6 3. g3 Bb7 4.
Bg2 e6 5. O-O Be7 6. b3 O-O 7.
Bb2 c5 8. e3 d6 9. Qe2 Na6 10.
Nc3 Ne4 11. d3 Nxc3 12. Bxc3 Bf6 13. Qb2 Nc7 14. Bxf6 Qxf6 15. Qxf6 gxf6 16. Rad1 a6 17. d4 Rfd8 18. dxc5 dxc5 19. Nd2 Bxg2 20. Kxg2 f5 21.
Nf3 f6 22. Ne1 Rxd1 0-1

[Event "*** Titled Tuesday Blitz"]
[Site "Chess.com"]
[Date "2019.06.04"]
[Round "4"]
[White "TST2014"]
[Black "velemajstor767276"]
[Result "1-0"]
[WhiteElo "2566"]
[BlackElo "2519"]
[TimeControl "180+2"]
[EndTime "13:47:19 PDT"]
[Termination "TST2014 won by resignation"]

1. d4 e6 2. c4 d5 3. Nf3 c6 4. Qc2 f5 5. g3 Nf6 6. Bg2 Be7 7. O-O O-O 8. Bf4 Ne4 9. h4 Bd7 10.
Nbd2 Be8 11. Ne5 Nd7 12. Ndf3 Bh5 13. Nxd7 Bxf3 14. exf3 Qxd7 15. fxe4 fxe4 16. Be5 Rf5 17. cxd5 exd5 18. Bh3 Raf8 19. Bxf5 Qxf5 20. f4 1-0

[Event "*** Titled Tuesday Blitz"]
[Site "Chess.com"]
[Date "2019.06.04"]
[Round "4"]
[White "VFernandezB"]
[Black "DiogenesSinopeus"]
[Result "0-1"]
[WhiteElo "2331"]
[BlackElo "2435"]
[TimeControl "180+2"]
[EndTime "13:47:31 PDT"]
[Termination "DiogenesSinopeus won by resignation"]

1. d4 Nf6 2. c4 e6 3. g3 Bb4+ 4. Bd2 c5 5. Bxb4 cxb4 6. Bg2 O-O 7. e4 d6 8. Ne2 Nc6 9. O-O e5 10. d5 Nb8 11. Qb3 Na6 12. a3 Qb6 13. axb4 Nxb4 14.
Nbc3 a5 15. Nb5 Nd7 16. Nc1 Nc5 17. Qe3 Bd7 18. Qe2 Bxb5 19. cxb5 f5 20. exf5 Rxf5 21. Bh3 Rf6 22. Na2 Nbd3 23. Nc3 Raf8 24. Be6+ Kh8 25.
Ne4 Nxe4 26. Qxd3 Nxf2 27. Qe2 Nd1+ 28. Kg2 Ne3+ 29. Kh3 Rh6+ 0-1

[Event "*** Titled Tuesday Blitz"]
[Site "Chess.com"]
[Date "2019.06.04"]
[Round "4"]
[White "grzechu96"]
[Black "champ2005"]
[Result "0-1"]
[WhiteElo "2575"]
[BlackElo "2830"]
[TimeControl "180+2"]
[EndTime "13:47:42 PDT"]
[Termination "champ2005 won by resignation"]

1. e4 c6 2. d4 d5 3. Nc3 dxe4 4. Nxe4 Bf5 5. Qf3 Bxe4 6. Qxe4 Nf6 7. Qd3 e6 8. Bd2 Nbd7 9. Nf3 Be7 10. O-O-O Qb6 11. h3 a5 12. g4 a4 13. a3 O-O 14. g5 Nd5 15. h4 c5 16. c4 Nc7 17. h5 cxd4 18.
g6 Nc5 19. gxh7+ Kh8 20. Qc2 Bf6 21. Bd3 Qb3 22. Bb4 Nxd3+ 23. Rxd3 Qxc2+ 24. Kxc2 Rfd8 25. Rhd1 e5 26. Re1 Re8 27. Re4 Ra6 28. Rdxd4 exd4 0-1

[Event "*** Titled Tuesday Blitz"]
[Site "Chess.com"]
[Date "2019.06.04"]
[Round "4"]
[White "IakovUlivar"]
[Black "PotapovaM"]
[Result "1/2-1/2"]
[WhiteElo "2486"]
[BlackElo "2508"]
[TimeControl "180+2"]
[EndTime "13:47:45 PDT"]
[Termination "Game drawn by agreement"]

1. e4 c5 2. Nc3 d6 3. g3 g6 4. Bg2 Bg7 5. d3 Nc6 6. Nge2 e6 7. Be3 Nd4 8. Qd2 Rb8 9. Nd1 b5 10. O-O Ne7 11. Nxd4 cxd4 12. Bh6 O-O 13. c3 Nc6 14. cxd4 Bxh6 15. Qxh6 Nxd4 16. Ne3 Qf6 1/2-1/2

[Event "*** Titled Tuesday Blitz"]
[Site "Chess.com"]
[Date "2019.06.04"]
[Round "4"]
[White "Fighter008"]
[Black "Bad4life"]
[Result "1-0"]
[WhiteElo "2638"]
[BlackElo "2445"]
[TimeControl "180+2"]
[EndTime "13:47:46 PDT"]
[Termination "Fighter008 won by resignation"]

1. e4 c5 2. Nf3 d6 3. d4 cxd4 4. Nxd4 Nf6 5. Nc3 g6 6. Be3 Bg7 7. f3 O-O 8. Qd2 Nc6 9. O-O-O Nxd4 10. Bxd4 Be6 11. Kb1 Qc7 12. g4 Rfc8 13. h4 h5 14. gxh5 Nxh5 15. Bxg7 Kxg7 16. f4 Bg4 17. Re1 Qc5 18. Bd3 b5 19. Rhg1 Bd7 20. f5 Rh8 21.
Nd5 e6 22. fxg6 exd5 23. gxf7+ Kf8 24. Qg5 d4 25. e5 dxe5 26. Rxe5 Qxe5 27. Qxe5 Kxf7 28.
Bg6+ Kf8 29. Qxh8+ 1-0

[Event "*** Titled Tuesday Blitz"]
[Site "Chess.com"]
[Date "2019.06.04"]
[Round "4"]
[White "Vusatiuk_Vladimir"]
[Black "toog"]
[Result "0-1"]
[WhiteElo "2208"]
[BlackElo "2321"]
[TimeControl "180+2"]
[EndTime "13:48:06 PDT"]
[Termination "toog won by resignation"]

1. e4 c5 2. Nf3 d6 3. d4 cxd4 4. Qxd4 Nc6 5. Bb5 Bd7 6. Bxc6 Bxc6 7. Nc3 Nf6 8. Bg5 e6 9. O-O-O Be7 10. Qd3 h6 11.
Bxf6 Bxf6 12. Nd4 Rc8 13. Ndb5 O-O 14. Qxd6 Qa5 15. Nd4 Rfd8 16. Nxc6 Rxc6 17. Qg3 Rdc8 18. Rd3 Bxc3 19. Rxc3 Rxc3 20. bxc3 Qxa2 21. Re1 Rd8 0-1

[Event "*** Titled Tuesday Blitz"]
[Site "Chess.com"]
[Date "2019.06.04"]
[Round "4"]
[White "olksuna"]
[Black "kintoho"]
[Result "1/2-1/2"]
[WhiteElo "2487"]
[BlackElo "2531"]
[TimeControl "180+2"]
[EndTime "13:48:08 PDT"]
[Termination "Game drawn by repetition"]

1. c4 Nf6 2. Nc3 d5 3. cxd5 Nxd5 4. g3 g6 5. Bg2 Nb6 6. d3 Bg7 7. Be3 Nc6 8. h4 Nd4 9. h5 O-O 10. hxg6 hxg6 11. Nf3 c5 12. Qd2 Re8 13. Bh6 Bh8 14.
O-O-O Nf5 15. g4 Nxh6 16. Rxh6 Bg7 17. Rdh1 Bxg4 18. Rh7 Bxf3 19. Rxg7+ Kxg7 20. Qh6+ Kf6 21. Qf4+ Kg7 22. Qh6+ Kf6 23. Qf4+ Kg7 24. Qh6+ 1/2-1/2

[Event "*** Titled Tuesday Blitz"]
[Site "Chess.com"]
[Date "2019.06.04"]
[Round "4"]
[White "MarianPetrov"]
[Black "Konavets"]
[Result "1-0"]
[WhiteElo "2624"]
[BlackElo "2910"]
[TimeControl "180+2"]
[EndTime "13:48:16 PDT"]
[Termination "MarianPetrov won by resignation"]

1. e4 b6 2. d4 Bb7 3. Bd3 e6 4. Nf3 Nf6 5. e5 Nd5 6. O-O c5 7. c3 cxd4 8. cxd4 d6 9. Nc3 Nxc3 10. bxc3 Nd7 11. Bf4 Rc8 12. exd6 Rxc3 13. Rc1 Rxc1 14.
Qxc1 Bxf3 15. gxf3 g5 16. Be5 Rg8 17. Bxh7 Rg7 18.
Bxg7 Bxg7 19. d5 Nc5 20. dxe6 Qxd6 21. exf7+ Kxf7 22. Qxg5 Ne6 23. Qf5+ Bf6 24. Re1 Nf4 25. h4 Qd2 26. Re4 Nh3+ 27. Qxh3 Kg7 28. Qf5 1-0

[Event "*** Titled Tuesday Blitz"]
[Site "Chess.com"]
[Date "2019.06.04"]
[Round "4"]
[White "benhal"]
[Black "riconaipe"]
[Result "0-1"]
[WhiteElo "2396"]
[BlackElo "2574"]
[TimeControl "180+2"]
[EndTime "13:48:16 PDT"]
[Termination "riconaipe won on time"]

1. b3 d5 2. Bb2 Bg4 3. Nf3 Bxf3 4. exf3 Nc6 5. Bb5 Nf6 6. O-O Qd6 7. d4 a6 8. Bxc6+ Qxc6 9. Re1 e6 10. c3 Bd6 11. Nd2 O-O 12. Nf1 Qd7 13. Ne3 c5 14. g3 cxd4 15. cxd4 Rac8 16. Rc1 Rxc1 17. Qxc1 Rc8 18.
Qd1 Rc6 19. f4 Ne4 20. Qd2 Nxd2 0-1

[Event "*** Titled Tuesday Blitz"]
[Site "Chess.com"]
[Date "2019.06.04"]
[Round "4"]
[White "orrbaverlekszarnyon"]
[Black "maxip32"]
[Result "0-1"]
[WhiteElo "2217"]
[BlackElo "2437"]
[TimeControl "180+2"]
[EndTime "13:48:26 PDT"]
[Termination "maxip32 won by resignation"]

1. e4 c5 2. Nf3 d6 3. d4 cxd4 4. Nxd4 Nf6 5. Nc3 a6 6. h3 e5 7. Nde2 h5 8. Bg5 Be6 9. g3 Nbd7 10. Bg2 Be7 11. O-O b5 12. f4 Rc8 13. Nd5 Bxd5 14. exd5 exf4 15. Nxf4 Ne5 16. Re1 g6 17. Qd4 Nfd7 18.
Bxe7 Qxe7 19. Nd3 Rxc2 20. h4 Rc4 21. Qa7 O-O 22. Qxa6 Qf6 23. Rf1 Qe7 24. Rae1 Nc5 25. Qxb5 Ncxd3 26. Qxc4 Qa7+ 0-1

[Event "*** Titled Tuesday Blitz"]
[Site "Chess.com"]
[Date "2019.06.04"]
[Round "4"]
[White "Genghis_K"]
[Black "Supernotar"]
[Result "0-1"]
[WhiteElo "2828"]
[BlackElo "2562"]
[TimeControl "180+2"]
[EndTime "13:48:43 PDT"]
[Termination "Supernotar won by resignation"]

1. d4 d5 2. Bf4 Nf6 3. Nf3 e6 4. e3 Bd6 5. Nbd2 c5 6. Bb5+ Nc6 7. Bg3 O-O 8. c3 a6 9. Bxc6 bxc6 10. Qa4 Bxg3 11.
hxg3 Qb6 12. Qa3 Nd7 13. O-O cxd4 14. cxd4 c5 15. dxc5 Nxc5 16. Rac1 Nd7 17. Qe7 Nf6 18. Nb3 a5 19. Qc5 Qb8 20. Ne5 Qxe5 21. Nd4 Ba6 22. Nc6 Qh5 23. f3 Bxf1 24. Rxf1 Qg5 25. Qd4 Qxg3 26. Rc1 Kh8 27. Rc3 Rfc8 28. Ne5 Qe1+ 29. Kh2 Rxc3 30. bxc3 Kg8 31. Nc6 h5 32. a4 h4 33. c4 Qg3+ 34. Kg1 h3 0-1

[Event "*** Titled Tuesday Blitz"]
[Site "Chess.com"]
[Date "2019.06.04"]
[Round "4"]
[White "chorejason"]
[Black "Rakesh"]
[Result "1-0"]
[WhiteElo "2257"]
[BlackElo "2245"]
[TimeControl "180+2"]
[EndTime "13:48:43 PDT"]
[Termination "chorejason won by checkmate"]

1. e4 d5 2. d4 dxe4 3. Nc3 Nf6 4. Bg5 Bf5 5. Qd2 h6 6. Bh4 c6 7. O-O-O g5 8. Bg3 Bg7 9. Bc4 Nbd7 10. Nge2 Nb6 11.
Bb3 a5 12. a4 O-O 13. h4 g4 14. f3 exf3 15. gxf3 gxf3 16. Nf4 Ne4 17. Nxe4 Bxe4 18.
Nh5 Nd5 19. Rhg1 Bg6 20. Nxg7 Kxg7 21. h5 Kh7 22. hxg6+ fxg6 23. Be5 Rf5 24. c3 f2 25.
Rgf1 Qf8 26. Bc2 Rf3 27. Be4 Rf7 28. Qg5 hxg5 29. Rh1+ Qh6 30. Rxh6+ Kxh6 31. Rh1# 1-0

[Event "*** Titled Tuesday Blitz"]
[Site "Chess.com"]
[Date "2019.06.04"]
[Round "4"]
[White "nocnypako"]
[Black "x-5963514717"]
[Result "1/2-1/2"]
[WhiteElo "2559"]
[BlackElo "2483"]
[TimeControl "180+2"]
[EndTime "13:48:45 PDT"]
[Termination "Game drawn by agreement"]

1. d4 Nf6 2. c4 g6 3. Nc3 d5 4. cxd5 Nxd5 5. e4 Nxc3 6. bxc3 Bg7 7. Bc4 c5 8. Ne2 Nc6 9. Be3 O-O 10. O-O b6 11.
Qd2 Bb7 12. Rac1 e6 13. Rfd1 cxd4 14. cxd4 Na5 15. Bd3 Rc8 16. Bh6 Rxc1 17. Rxc1 Bxh6 18. Qxh6 Nc6 19. Qe3 Qd6 20. e5 Qd7 21. h4 Rc8 22. h5 Nb4 23. Rxc8+ Qxc8 24. Bb1 Nd5 25. Qg5 Nc3 26. Nxc3 Qxc3 27. Qd8+ Kg7 28. Qf6+ Kg8 1/2-1/2

[Event "*** Titled Tuesday Blitz"]
[Site "Chess.com"]
[Date "2019.06.04"]
[Round "4"]
[White "jefferyx"]
[Black "colemman"]
[Result "1-0"]
[WhiteElo "2899"]
[BlackElo "2607"]
[TimeControl "180+2"]
[EndTime "13:48:56 PDT"]
[Termination "jefferyx won by resignation"]

1. d4 d5 2. c4 c6 3. Nf3 Nf6 4.
cxd5 cxd5 5. Nc3 Nc6 6. Bf4 e6 7. e3 Bd6 8. Bxd6 Qxd6 9. Bd3 O-O 10. O-O a6 11. Na4 b5 12. Nc5 Nd7 13. Rc1 Nxc5 14. Rxc5 e5 15. Bxh7+ Kxh7 16. Qc2+ e4 17. Rxc6 Qe7 18.
Nd2 Kg8 19. Qc5 Qd8 20. Rd6 Qa5 21. b4 Qxa2 22. Qxd5 Qxd2 23. Qxa8 Qxb4 24. Rb6 Qa5 25. Rb8 Qc7 26. d5 Rd8 27. d6 Qd7 28. Rc1 Qxd6 29.
Rbxc8 Rxc8 30. Qxc8+ Kh7 31. Qf5+ Kh6 32. Qf4+ 1-0

[Event "*** Titled Tuesday Blitz"]
[Site "Chess.com"]
[Date "2019.06.04"]
[Round "4"]
[White "Jabberwockiez"]
[Black "sergeikim"]
[Result "1-0"]
[WhiteElo "2248"]
[BlackElo "2395"]
[TimeControl "180+2"]
[EndTime "13:48:58 PDT"]
[Termination "Jabberwockiez won by resignation"]

1. e4 e5 2. Nf3 Nc6 3. Bb5 a6 4. Ba4 Nf6 5. O-O Be7 6. Re1 b5 7. Bb3 O-O 8. h3 Bb7 9. d3 d6 10. a3 Na5 11. Ba2 c5 12. Nc3 Rc8 13. Nd5 c4 14.
Nxe7+ Qxe7 15. b4 cxb3 16. cxb3 h6 17. b4 Nc6 18. Nh4 Qd7 19. Nf5 Nd4 20. Nxd4 exd4 21. Bb2 d5 22. Bxd4 dxe4 23. Bxf6 gxf6 24. Qh5 Kg7 25. Re3 Rh8 26. dxe4 Rc2 27. Rd1 Qe7 28. Rg3+ Kf8 29. Rd8+ 1-0

[Event "*** Titled Tuesday Blitz"]
[Site "Chess.com"]
[Date "2019.06.04"]
[Round "4"]
[White "ZaphenathPaneah"]
[Black "LarissaSteenbekkers"]
[Result "1/2-1/2"]
[WhiteElo "1862"]
[BlackElo "1960"]
[TimeControl "180+2"]
[EndTime "13:48:58 PDT"]
[Termination "Game drawn by repetition"]

1. e4 e6 2. d4 d5 3. e5 c5 4. c3 Nc6 5. Nf3 Bd7 6. Bd3 Rc8 7. a3 cxd4 8. cxd4 Qb6 9. O-O Nxd4 10. Nbd2 Nxf3+ 11. Nxf3 Ne7 12. Be3 Qa5 13. b4 Qa4 14. Qd2 Ng6 15.
Rfc1 Be7 16. Rxc8+ Bxc8 17. h4 Nxh4 18. Nxh4 Bxh4 19.
Bg5 Bxg5 20. Qxg5 O-O 21. Re1 f5 22. exf6 Rxf6 23. Re3 Qd1+ 24. Kh2 h6 25. Qe5 Qg4 26. Rg3 Qh4+ 27. Kg1 Qf4 28. Qc3 Qxf2+ 29. Kh2 Bd7 30. Qc7 Rf7 31. Qd8+ Rf8 32. Qxd7 Qf6 33. Rg6 Qh4+ 34.
Kg1 Qf2+ 35. Kh1 Qh4+ 36. Kg1 Qf2+ 37. Kh2 Qh4+ 38. Kg1 1/2-1/2

[Event "*** Titled Tuesday Blitz"]
[Site "Chess.com"]
[Date "2019.06.04"]
[Round "4"]
[White "dusanacns"]
[Black "Keranke"]
[Result "1/2-1/2"]
[WhiteElo "2658"]
[BlackElo "2844"]
[TimeControl "180+2"]
[EndTime "13:49:03 PDT"]
[Termination "Game drawn by stalemate"]

1. e4 c5 2. Nf3 d6 3. d4 cxd4 4. Nxd4 Nf6 5. Nc3 g6 6. Be3 Bg7 7. f3 O-O 8. Qd2 Nc6 9. O-O-O Nxd4 10. Bxd4 Be6 11. Kb1 Qa5 12. Nd5 Qxd2 13. Nxe7+ Kh8 14. Rxd2 Rfe8 15. Bxf6 Bxf6 16. Nd5 Bxd5 17. Rxd5 Be5 18. a4 Rac8 19. c3 Rc5 20. Rxc5 dxc5 21. Bc4 Rd8 22. Kc2 Bf4 23. Bd5 Kg7 24. g3 Bh6 25. f4 b6 26. Kb3 f5 27. Re1 fxe4 28. Kc4 Re8 29. Rxe4 Rxe4+ 30. Bxe4 g5 31. fxg5 Bxg5 32. Kb5 Bc1 33.
Ka6 Bxb2 34. Kxa7 Bxc3 35. Kxb6 Bd4 36. a5 c4+ 37. Kb7 h5 38. a6 h4 39. g4 h3 40. a7 Bxa7 41. Kxa7 Kf6 42. Kb6 Kg5 43. Bf3 c3 44. Bd1 c2 45. Bxc2 Kxg4 46. Bb3 Kg5 47.
Be6 Kf6 48. Bxh3 Kg7 49. Kc7 Kh8 50. Kd6 Kg8 51. Ke5 Kh8 52. Kf4 Kg8 53. Kg5 Kh8 54.
Kh6 Kg8 55. Bf5 Kh8 56. Bh7 1/2-1/2

[Event "*** Titled Tuesday Blitz"]
[Site "Chess.com"]
[Date "2019.06.04"]
[Round "4"]
[White "Naruto-K"]
[Black "guillembaches"]
[Result "1-0"]
[WhiteElo "2393"]
[BlackElo "2269"]
[TimeControl "180+2"]
[EndTime "13:49:07 PDT"]
[Termination "Naruto-K won by resignation"]

1. d4 Nf6 2. Bf4 e6 3. e3 c5 4.
c3 Nc6 5. Nd2 d5 6. Ngf3 Bd6 7.
Bg3 O-O 8. Bb5 Qc7 9. dxc5 Bxg3 10. hxg3 a6 11. Bd3 e5 12. e4 Rd8 13. Qe2 Bg4 14.
O-O-O Qa5 15. exd5 Rxd5 16. Bxh7+ Nxh7 17. Rxh7 Kxh7 18. Qe4+ Kg8 19. Qxd5 Rd8 20. Qc4 b5 21.
Qxg4 Qxa2 22. Qe4 Na5 23. c6 Nb3+ 24. Nxb3 1-0

[Event "*** Titled Tuesday Blitz"]
[Site "Chess.com"]
[Date "2019.06.04"]
[Round "4"]
[White "bugsbunny444"]
[Black "bascheyaro"]
[Result "0-1"]
[WhiteElo "2493"]
[BlackElo "2807"]
[TimeControl "180+2"]
[EndTime "13:49:09 PDT"]
[Termination "bascheyaro won by resignation"]

1. Nf3 d5 2. c4 c6 3. g3 Nf6 4. Bg2 Bf5 5. cxd5 cxd5 6. Qb3 Qc7 7. Nc3 e6 8. d3 a6 9. Bf4 Qc8 10. Rc1 Nc6 11. O-O Be7 12. Na4 Nd7 13. Ne5 Ndxe5 14. Bxe5 O-O 15. Nb6 Qd8 16. Nxa8 Qxa8 17. Bc3 Bg6 18. e4 d4 19. Bd2 e5 20. f4 Kh8 21.
fxe5 Nxe5 22. Rc7 Bd6 23. Rxb7 Nxd3 24. e5 Nc5 25. Rbxf7 Nxb3 26. Rxf8+ Qxf8 27. Rxf8+ Bxf8 28. axb3 Be7 29. Bf1 d3 30. Kf2 Kg8 31. b4 Kf7 32.
Ke3 Bg5+ 0-1

[Event "*** Titled Tuesday Blitz"]
[Site "Chess.com"]
[Date "2019.06.04"]
[Round "4"]
[White "fm_magua"]
[Black "GMKrikor"]
[Result "1-0"]
[WhiteElo "2485"]
[BlackElo "2700"]
[TimeControl "180+2"]
[EndTime "13:49:11 PDT"]
[Termination "fm_magua won by resignation"]

1. e4 c5 2. Nf3 e6 3. d4 cxd4 4.
Nxd4 Nc6 5. Nc3 a6 6. Be2 d6 7. O-O Nf6 8. Be3 Be7 9. f4 O-O 10. a4 Bd7 11. Kh1 Qc7 12. Qe1 Na5 13. Qg3 Nc4 14.
Bxc4 Qxc4 15. e5 Nd5 16. Nxd5 Qxd5 17. Rad1 Qc4 18. b3 Qc7 19. f5 exf5 20. Bh6 g6 21. Bxf8 Bxf8 22. Nxf5 Bxf5 23. Rxf5 Qxc2 24. Rdf1 Re8 25.
Rxf7 dxe5 26. Qh3 h5 27. Rxf8+ Rxf8 28. Qe6+ Kh7 29. Qe7+ 1-0

[Event "*** Titled Tuesday Blitz"]
[Site "Chess.com"]
[Date "2019.06.04"]
[Round "4"]
[White "tan275"]
[Black "PawnEatingZombie"]
[Result "1-0"]
[WhiteElo "2187"]
[BlackElo "2140"]
[TimeControl "180+2"]
[EndTime "13:49:13 PDT"]
[Termination "tan275 won by resignation"]

1. d4 d5 2. c4 e6 3. Nf3 dxc4 4. e3 b5 5. a4 c6 6. axb5 cxb5 7. b3 Bb4+ 8. Bd2 Bxd2+ 9. Nbxd2 a5 10. bxc4 b4 11. Ne5 Nf6 12. Qf3 Ra6 13. c5 Ra7 14. Bb5+ Ke7 15. O-O Qd5 16. Qe2 Bd7 17. Nxd7 Nfxd7 18. Nc4 Nc6 19. Rfd1 Ndb8 20. Nb6 Qg5 21. d5 exd5 22. Rxd5 Qf6 23. Rad1 Re8 24. Rd6 Qc3 25. Bxc6 Nxc6 26.
Nd5+ 1-0

[Event "*** Titled Tuesday Blitz"]
[Site "Chess.com"]
[Date "2019.06.04"]
[Round "4"]
[White "SergeiAza"]
[Black "Sanan_Sjugirov"]
[Result "1-0"]
[WhiteElo "2782"]
[BlackElo "2850"]
[TimeControl "180+2"]
[EndTime "13:49:14 PDT"]
[Termination "SergeiAza won by resignation"]

1. e4 c5 2. Nf3 d6 3. d4 cxd4 4.
Nxd4 Nf6 5. Nc3 a6 6. Bg5 e6 7. f4 Qb6 8. Qd2 Qxb2 9. Rb1 Qa3 10. f5 Nc6 11. fxe6 fxe6 12. Nxc6 bxc6 13. Be2 Be7 14.
e5 dxe5 15. Bxf6 Bxf6 16. Bh5+ g6 17. Ne4 O-O 18. O-O Bg7 19. Rxf8+ Bxf8 20. Bxg6 hxg6 21. Qg5 Qe7 22. Nf6+ Kg7 23. Rf1 Rb8 24. Qh4 1-0

[Event "*** Titled Tuesday Blitz"]
[Site "Chess.com"]
[Date "2019.06.04"]
[Round "4"]
[White "2165149677570"]
[Black "saraswathii"]
[Result "0-1"]
[WhiteElo "2225"]
[BlackElo "2311"]
[TimeControl "180+2"]
[EndTime "13:49:24 PDT"]
[Termination "saraswathii won by resignation"]

1. d4 Nc6 2. d5 Ne5 3. f4 Ng6 4.
e4 e6 5. c4 Bc5 6. Nf3 d6 7. h4 h5 8. Qd3 exd5 9. cxd5 Nf6 10.
Nc3 Ng4 11. Nd1 O-O 12. g3 Re8 13. a3 f5 14. e5 dxe5 15. b4 exf4+ 16. Be2 Bd6 17. O-O fxg3 18. Bg5 Be7 19. Kg2 Bxg5 20. hxg5 Nf4+ 0-1

[Event "*** Titled Tuesday Blitz"]
[Site "Chess.com"]
[Date "2019.06.04"]
[Round "4"]
[White "norwaytoadog"]
[Black "DavidStevanic"]
[Result "0-1"]
[WhiteElo "2216"]
[BlackElo "2185"]
[TimeControl "180+2"]
[EndTime "13:49:25 PDT"]
[Termination "DavidStevanic won on time"]

1. e4 e5 2. Nf3 Nc6 3. Bb5 a6 4. Ba4 Nf6 5. d3 b5 6. Bb3 Bc5 7. O-O O-O 8. c3 d6 9. Qe2 h6 10. a4 b4 11. Nbd2 Rb8 12. h3 bxc3 13. bxc3 Be6 14. Bc4 Bxc4 15. Nxc4 Nd7 16. a5 f5 17.
exf5 Rxf5 18. d4 exd4 19. Qe4 Ne7 20. cxd4 Bb4 21. Qe6+ Rf7 22. Bg5 Nf8 23. Bxe7 Qxe7 24. Qxe7 Rxe7 0-1

[Event "*** Titled Tuesday Blitz"]
[Site "Chess.com"]
[Date "2019.06.04"]
[Round "4"]
[White "1g41-0"]
[Black "Eliwood44"]
[Result "1-0"]
[WhiteElo "2508"]
[BlackElo "2349"]
[TimeControl "180+2"]
[EndTime "13:49:31 PDT"]
[Termination "1g41-0 won by resignation"]

1. e4 e5 2. Nf3 Nc6 3. Bb5 g6 4. c3 a6 5. Ba4 Bg7 6. d4 exd4 7.
cxd4 b5 8. Bb3 Nge7 9. O-O d6 10. d5 Na5 11. Nc3 O-O 12. Nd4 c5 13. dxc6 Nexc6 14. Nxc6 Nxc6 15. Bd5 Bd7 16. Be3 Rc8 17. Bxc6 Bxc6 18.
Bd4 b4 19. Bxg7 Kxg7 20. Qd4+ Qf6 21. Qxb4 Rb8 22. Qa3 Rfe8 23. Rfe1 Re6 24. Rad1 Rbe8 25. f3 h5 26. Qxa6 Ba8 27. Qc4 h4 28. Qd4 h3 29.
Qxf6+ Kxf6 30. Nd5+ Bxd5 31. Rxd5 hxg2 32. Kxg2 Rc8 33.
Re2 Ke7 34. Rdd2 Rc5 35. Rc2 Rg5+ 36. Kf2 Rh5 37. Ke1 Rh3 38. Rc3 f5 39. Rce3 Kf6 40.
Rf2 Re5 41. Ke2 Rb5 42. b3 Rc5 43. Kd2 Ra5 44. a4 Re5 45. f4 1-0

[Event "*** Titled Tuesday Blitz"]
[Site "Chess.com"]
[Date "2019.06.04"]
[Round "4"]
[White "H3nriqueTV"]
[Black "HanSchut"]
[Result "0-1"]
[WhiteElo "2162"]
[BlackElo "2192"]
[TimeControl "180+2"]
[EndTime "13:49:31 PDT"]
[Termination "HanSchut won by resignation"]

1. e4 c5 2. Nf3 d6 3. b3 Nf6 4. d3 g6 5. Bb2 Bg7 6. Nc3 O-O 7.
g3 Nc6 8. Bg2 Bg4 9. O-O Nd4 10.
Re1 Nd7 11. Rb1 Ne5 12. Re3 Bh6 13. h3 Bxf3 14. Bxf3 Bxe3 15. fxe3 Ndxf3+ 16. Kg2 Ng5 17. Nd5 e6 18. Nf4 h5 19. Qe2 Nc6 20. Rf1 Nh7 21. Qf3 Qg5 22. Qf2 Ne7 23. Kh2 e5 24. Ng2 f5 25.
exf5 Rxf5 26. Qe2 Rxf1 27. Qxf1 Rf8 28. Qe2 Qf5 29. Qd2 Qf2 30. Qc3 Ng5 31. Qc4+ d5 0-1